 Dungeon Crawl Stone Soup version 0.24-a0-445-gd5110b030a (webtiles) character file.

Game seed: 6910379001439457353

289 Murumi the Shield-Bearer (level 6, -5/50 HPs)
             Began as a Formicid Fighter on June 22, 2019.
             Killed by divine providence
             ... invoked by an orc priest
              (12 damage)
             ... on level 3 of the Dungeon.
             The game lasted 00:11:47 (2770 turns).

Murumi the Shield-Bearer (Formicid Fighter)         Turns: 2770, Time: 00:11:47

Health: -5/50      AC: 11    Str: 24    XL:     6   Next: 57%
Magic:  6/6        EV: 11    Int:  8    God:
Gold:   151        SH: 10    Dex: 10    Spells: 5/5 levels left

rFire    . . .     SeeInvis +   a - +1 long sword
rCold    . . .     Gourm    .   c - +0 shield
rNeg     . . .     Faith    .   i - +0 chain mail
rPois    .         Spirit   .   (helmet unavailable)
rElec    .         Reflect  .   m - +0 cloak
rCorr    .         Harm     .   (no gloves)
MR       .....                  e - +0 pair of boots
Stlth    ..........             (no amulet)
HPRegen  0.16/turn              j - +2 ring of strength
MPRegen  0.10/turn              l - +4 ring of evasion

@: lethally poisoned (-5 -> -8)
A: permanent stasis, dig shafts and tunnels, four strong arms, antennae 3
a: Dig, Shaft Self


You were on level 3 of the Dungeon.
You were hungry.

You visited 1 branch of the dungeon, and saw 3 of its levels.

You collected 151 gold pieces.

Inventory:

Hand Weapons
 a - a +1 long sword (weapon)
Missiles
 b - 9 stones (quivered)
 g - 14 poisoned darts
 h - 5 javelins
 k - 27 bolts
Armour
 c - a +0 shield (worn)
 e - a +0 pair of boots (worn)
 i - a +0 chain mail (worn)
 m - a +0 cloak (worn)
Jewellery
 j - a +2 ring of strength (left hand)
 l - a +4 ring of evasion (right hand)
Scrolls
 d - 2 scrolls of identify
Comestibles
 f - 2 rations


   Skills:
 + Level 4.8 Fighting
 - Level 4.0 Long Blades
 - Level 4.0 Armour
 - Level 1.0 Dodging
 - Level 5.0 Shields


You had 5 spell levels left.
You didn't know any spells.
Your spell library was empty.

Dungeon Overview and Level Annotations

Branches:
Dungeon (3/15)

Altars:
Hepliaklqana
Makhleb
Ru


Innate Abilities, Weirdness & Mutations

You cannot be hasted, slowed, berserked, paralysed or teleported.
You can dig through walls and to a lower floor.
Your four strong arms can wield two-handed weapons with a shield.
You have a pair of large antennae on your head. (SInv)


Message History

You hit the orc priest.
The orc priest is severely wounded.
You block the orc priest's attack.
The orc priest hits you but does no damage.
You are poisoned.
You hit the orc priest.
You kill the orc priest!
You feel sick.
You aren't carrying any potions.
Unknown command.
You aren't carrying any items that you can evoke.
You feel sick.
Items here: ))) [ † a +1 short sword of venom; a +0 dagger; a +0 robe; a +0 club; an orc corpse You hit the orc priest but do no damage.
You block the orc priest's attack.
You closely miss the orc priest.
You feel sick.
The orc priest mumbles some strange prayers to Beogh against you.
Beogh smites you!
You die...

#.# # #... ########## #.#
##..# .. ..##....# #.# #..#.
#.{ ..##....# #.# #...# #...
#o##....####.#####.#...#
#..###.#........).......#†##.
#.....(#.......##.#######.###
#....(.....o#.##.# #..>.
###...#####@#.#..#######....
####.#..#.##...............
####...(#....###..####.####...
#......)#.##.# ##.##.....##.##
.....((.)....###..#.......#.##
..$..(..###....)..#.......#...
###.###.# #....##....._.......
... #.# #....##.#.......#...
... #.###.)..##.#.......#.#.


You could see an orc priest.

Vanquished Creatures
  2 orc priests (D:3)
  An iguana (D:3)
  An orc wizard (D:3)
  10 adders
  A gnoll (D:1)
  A worm (D:3)
  A dart slug (D:1)
  3 leopard geckos
  2 orcs (D:3)
  7 bats
  2 giant cockroaches
  10 hobgoblins
  5 jackals
  3 quokkas (D:2)
  2 ball pythons
  2 frilled lizards
  6 goblins
  9 kobolds
  9 rats
77 creatures vanquished.

Notes
Turn   | Place    | Note
-------+----------+-------------------------------------------
     0 | D:1      | Murumi the Formicid Fighter began the quest for the Orb.
     0 | D:1      | Reached XP level 1. HP: 18/18 MP: 1/1
   345 | D:1      | Reached skill level 1 in Dodging
   414 | D:1      | Reached XP level 2. HP: 24/24 MP: 2/2
   478 | D:1      | Reached skill level 4 in Shields
   657 | D:1      | Reached XP level 3. HP: 29/29 MP: 3/3
  1106 | D:2      | Reached XP level 4. HP: 37/37 MP: 4/4
  1487 | D:2      | Reached XP level 5. HP: 32/42 MP: 5/5
  2184 | D:3      | Found a sacrificial altar of Ru.
  2197 | D:3      | Found a burning altar of Makhleb.
  2240 | D:3      | Reached skill level 5 in Shields
  2427 | D:3      | Found a hazy altar of Hepliaklqana.
  2528 | D:3      | Reached XP level 6. HP: 48/48 MP: 6/6
  2758 | D:3      | HP: 1/49 [orc priest/divine providence (14)]
  2770 | D:3      | Killed from afar by an orc priest

Levels and vault maps discovered:
D:1:      dpeg_arrival_simpleton_b, layout_basic, minmay_strange_pillars,
          minmay_tripent
D:2:      layout_loops_cross, item_on_display_a
D:3:      minmay_recursive_quarters, layout_rooms, old_standard_altar,
          old_standard_altar, lemuel_zombie_altar_yredelemnul,
          marbit_many_paths, grunt_decor_mini_mirrors, minmay_misc_feat_chi,
          bloody_makhleb

Skill      XL: |  1  2  3  4  5  6 |
---------------+-------------------+-----
Dodging        | 1 |  1.0
Shields        | 4 5 |  5.0
Long Blades    | 3 4 |  4.0
Fighting       | 4 |  4.8
Armour         | 4 |  4.0

Action                   |  1- 3 |  4- 6 || total
-------------------------+-------+-------++-------
Melee: Long sword        |    89 |   189 ||   278
Throw: Stone             |    39 |    84 ||   123
       Dart              |     5 |     4 ||     9
 Abil: Dig               |       |     2 ||     2
  Use: Scroll            |     2 |     5 ||     7
       Potion            |     1 |     1 ||     2
  Eat: Chunk             |     1 |     5 ||     6
Armor: Scale mail        |     2 |       ||     2
       Chain mail        |    37 |    79 ||   116
Dodge: Dodged            |    27 |    49 ||    76
Block: Shield            |    41 |   106 ||   147
       Rpst.: Long sword |    12 |    15 ||    27

Table legend:
 A = Non-vault XP
 B = Vault XP
 C = Vault XP percentage of total XP
 D = Non-vault monster count
 E = Vault monster count
 F = Vault count percentage of total count
                 A         B        C        D         E       F
            +---------+---------+-------+---------+---------+-------
      Total |     374 |      39 |   9.4 |      70 |       7 |   9.1
            +---------+---------+-------+---------+---------+-------
        D:1 |      61 |       4 |   6.2 |      24 |       2 |   7.7
        D:2 |     116 |       0 |   0.0 |      26 |       0 |   0.0
        D:3 |     197 |      35 |  15.1 |      20 |       5 |  20.0
            +---------+---------+-------+---------+---------+-------
